 Dungeon Crawl Stone Soup version 0.28-a0-1312-g71652a0310 (webtiles) character file.

Game seed: 13275749888571071222

150 Snarg the Skirmisher (level 4, -1/39 (40) HPs)
             Began as a Demigod Wanderer on Dec 27, 2021.
             Slain by Crazy Yiuf (5 damage)
             ... while petrified by Crazy Yiuf
             ... on level 4 of the Dungeon.
             The game lasted 00:10:08 (4265 turns).

Snarg the Skirmisher (Demigod Wanderer)             Turns: 4265, Time: 00:10:09

HP:   -1/39 (40)    AC:  6    Str: 17    XL:     4   Next: 84%
MP:   0/17          EV:  2    Int: 10    God:
Gold: 188           SH:  0    Dex: 17    Spells: 4/5 levels left

rFire   . . .      SeeInvis .   a - +3 dagger
rCold   . . .      Faith    .   (no shield)
rNeg    + + +      Spirit   +   y - +1 ring mail {rPois}
rPois   ∞          Reflect  .   (no helmet)
rElec   .          Harm     .   (no cloak)
rCorr   .          Rampage  .   (no gloves)
Will    .....                   (no boots)
Stlth   ++........              E - amulet of guardian spirit
HPRegen 0.13/turn               F - ring of magical power
MPRegen 0.15/turn               (no ring)

@: brilliant, petrified, very slightly contaminated, lightly drained
A: high mp 1, forlorn, divine attributes
a: no special abilities


You were on level 4 of the Dungeon.
You visited 2 branches of the dungeon, and saw 5 of its levels.

You collected 188 gold pieces.

Inventory:

Hand Weapons
 a - a +3 dagger (weapon)
 c - a +0 short sword
Missiles
 g - 98 stones (quivered)
 l - 15 poisoned darts
 o - 6 boomerangs
Armour
 d - a +0 leather armour
 k - the +7 chain mail of Resilience {Str+2}
   (You found it on level 2 of the Dungeon)

   Str:       It affects your strength (+2).
 y - a +1 ring mail of poison resistance (worn)
 A - a +0 buckler
Magical Staves
 n - a staff of cold
 D - a staff of fire
Jewellery
 E - an amulet of guardian spirit (around neck)
 F - a ring of magical power (left hand)
Wands
 p - a wand of iceblast (10)
Scrolls
 f - a scroll of noise {unknown}
 h - 2 scrolls of identify
 s - 2 scrolls of teleportation
 t - 2 scrolls of fear
 v - a scroll of magic mapping {unknown}
 x - 2 scrolls of amnesia {unknown}
 B - a scroll of fog
 C - 2 scrolls of enchant weapon {unknown}
 G - a scroll of silence {unknown}
Potions
 b - a potion of invisibility
 e - a potion of heal wounds {unknown}
 i - 2 potions of curing
 j - a potion of cancellation {unknown}
 m - 2 potions of degeneration {unknown}
 q - 2 potions of flight {unknown}
 r - 2 potions of ambrosia {unknown}
 u - a potion of attraction {unknown}
 w - 2 potions of brilliance
 z - 3 potions of berserk rage {unknown}


   Skills:
 - Level 4.0 Fighting
 + Level 3.3 Short Blades
 - Level 1.0 Throwing
 + Level 1.4 Armour
 + Level 0.4 Dodging
 - Level 3.0 Stealth
 * Level 0.6 Shields
 * Level 1.0 Spellcasting
 * Level 0.8 Transmutations
 * Level 1.1 Poison Magic


You had 4 spell levels left.
You knew the following spells:

 Your Spells              Type           Power      Damage    Failure   Level
a - Sting                 Tmut/Pois      12%        1d3       38%         1

Your spell library contained the following spells:

 Spells                   Type           Power      Damage    Failure   Level
 Poisonous Vapours        Pois/Air       4%         N/A       58%         2
 Inner Flame              Hex/Fire       0%         N/A       88%         3
 Olgreb's Toxic Radiance  Pois           4%         N/A       98%         4
 Eringya's Noxious Bog    Tmut/Pois      1%         N/A       100%        6
 Starburst                Conj/Fire      0%         6d3       100%        6


Dungeon Overview and Level Annotations

Branches:
Dungeon (4/15)             Temple (1/1) D:4

Annotations:
D:1 clr
D:2 CLR
D:3 clr
D:4 Crazy Yiuf


Innate Abilities, Weirdness & Mutations

You have an increased reservoir of magic. (+10% MP)
You shall have no god before yourself.
Your divine heritage dramatically boosts your attributes as you level up.


Message History

Crazy Yiuf burns you.
Unknown command.
Casting: Sting (safe; 38% risk of failure)
Confirm with . or Enter, or press ? or * to list all spells.
Aiming: Sting (safe; 38% risk of failure)
Press: ? - help, Shift-Dir - straight line, f/p - Crazy Yiuf
Aim: Crazy Yiuf, wielding a +4 quarterstaff of chaos and wearing a +0 cloak of poison resistance (lightly wounded, poisoned, 69% to hit)
You miscast Sting.
Nothing appears to happen.
Crazy Yiuf hits you with a +4 quarterstaff of chaos!
You are lethally poisoned!
You feel better.
Crazy Yiuf looks more healthy.
Crazy Yiuf closely misses you.
You hit Crazy Yiuf.
Crazy Yiuf is heavily wounded.
Crazy Yiuf barely misses you.
You hit Crazy Yiuf.
Crazy Yiuf is heavily wounded.
Crazy Yiuf hits you with a +4 quarterstaff of chaos!
* * * LOW HITPOINT WARNING * * *
You are slowing down.
Unknown command.
You hit Crazy Yiuf but do no damage.
Crazy Yiuf is heavily wounded.
Crazy Yiuf hits you but does no damage.
You feel drained.
Your limbs are stiffening.
Unknown command.
It was a potion of brilliance.
You feel clever all of a sudden.
Crazy Yiuf hits you with a +4 quarterstaff of chaos.
* * * LOW HITPOINT WARNING * * *
Crazy Yiuf burns you.
* * * LOW HITPOINT WARNING * * *
You have turned to stone.
Crazy Yiuf hits you with a +4 quarterstaff of chaos!
* * * LOW HITPOINT WARNING * * *
You feel your power leaking away.
Crazy Yiuf hits you with a +4 quarterstaff of chaos.
* * * LOW HITPOINT WARNING * * *
Crazy Yiuf freezes you.
Crazy Yiuf hits you with a +4 quarterstaff of chaos!
You die...

###.# #....# ##.....## #.# ....#
####.## ##.......## #..
###########...####.........####..
.................'.........')....
#.#######...###################..
...# #...# ##. #..# #...##♣♣♣♣♣
#.. #..# ##...+P.♣g♣♣♣ ### #.#
#..# #....P.@♣..♣#...# #.# #..#
#......♣♣♣♣.'...# #.# ...#
#...+P♣♣ ♣♣#..)# #.# #### #.###♣♣
### #.# # #.# #.# #.# ####.. #.#
######### #.....
#.#######.......# ######
#.............###


You could see Crazy Yiuf.

Vanquished Creatures
  An iguana (D:4)
  3 gnolls (D:4)
  An adder (D:2)
  A white imp (D:4)
  3 dart slugs
  An orc (D:4)
  4 endoplasms
  4 giant cockroaches
  5 goblins
  6 hobgoblins
  11 jackals
  5 kobolds
  5 quokkas
  5 ball pythons
  3 bats
  4 frilled lizards
  5 rats
67 creatures vanquished.

Notes
Turn   | Place    | Note
-------+----------+-------------------------------------------
     0 | D:1      | Snarg the Demigod Wanderer began the quest for the Orb.
     0 | D:1      | Snarg set off with the following items: a +3 dagger, a
                  | potion of invisibility, a +0 short sword, a +0 leather
                  | armour
     0 | D:1      | Reached XP level 1. HP: 19/19 MP: 3/3
   367 | D:1      | Reached skill level 4 in Fighting
   368 | D:1      | Reached XP level 2. HP: 26/27 MP: 4/4
   781 | D:1      | Learned a level 1 spell: Sting
   851 | D:1      | Reached XP level 3. HP: 27/33 MP: 5/5
   969 | D:2      | Identified the +7 chain mail of Resilience {Str+2}
  1348 | D:2      | Reached skill level 1 in Armour
  2657 | D:4      | Found a staircase to the Ecumenical Temple.
  2747 | Temple   | Entered the Ecumenical Temple
  3121 | D:4      | Reached XP level 4. HP: 34/40 MP: 5/7
  3134 | D:4      | Reached skill level 1 in Poison Magic
  3539 | D:4      | Got Mohirix's Collected Works on the Volcanoes and
                  | Intoxication
  3665 | D:4      | Reached skill level 1 in Spellcasting
  3957 | D:4      | Found a runed translucent door.
  3958 | D:4      | Noticed Crazy Yiuf
  4194 | D:4      | Reached skill level 1 in Throwing
  4265 | D:4      | Slain by Crazy Yiuf

Illustrated notes

Levels and vault maps discovered:
D:1:      dpeg_arrival_rooms_a, layout_rooms, hangedman_feature_mirror
D:2:      layout_basic, minmay_pentomino_o2
D:3:      layout_basic, chequers_mini_garden
D:4:      layout_loops_corners, minmay_temple_entry_slanted,
          uniq_crazy_yiuf_cottage
Temple:   dpeg_chambers_temple

Skill      XL: |  1  2  3  4 |
---------------+-------------+-----
Fighting       | 4 |  4.0
Short Blades   | 3 |  3.3
Stealth        | 3 |  3.0
Armour         | 1 |  1.4
Poison Magic   | 1 |  1.1
Spellcasting   | 1 |  1.0
Throwing       | 1 |  1.0
Dodging        | |  0.4
Shields        | |  0.6
Transmutations | |  0.8

Action                   |  1- 3 |  4- 6 || total
-------------------------+-------+-------++-------
Melee: Dagger            |   162 |    45 ||   207
Throw: Stone             |    34 |    11 ||    45
 Cast: Sting             |     6 |     5 ||    11
  Use: Scroll            |     4 |       ||     4
       Potion            |       |     2 ||     2
 Stab: Sleeping          |     7 |     1 ||     8
Armor: Leather armour    |    29 |       ||    29
       Ring mail         |     3 |    10 ||    13
Dodge: Dodged            |    80 |    11 ||    91
Block: Buckler           |       |     1 ||     1

Table legend: (Time is in decaauts)
 A = Elapsed time spent in this place.
 B = Non-inter-level travel time spent in this place.
 C = Inter-level travel time spent in this place.
 D = Time resting spent in this place.
 E = Time spent auto-exploring this place.
 F = Levels seen in this place.
 G = Mean time per level.
                   A        B        C        D        E       F      G
               +--------+--------+--------+--------+--------+-----+--------+
         Total |   4240 |   4034 |    206 |    279 |   3027 |   5 |  848.0 |
       Dungeon |   4012 |   3828 |    184 |    279 |   2835 |   4 | 1003.0 |
        Temple |    227 |    205 |     22 |      0 |    192 |   1 |  227.0 |
               +--------+--------+--------+--------+--------+-----+--------+

Top non-repeatable levels by time:
     D:4: 1415 daAuts
     D:2: 1004 daAuts
     D:1: 945 daAuts
     D:3: 646 daAuts
  Temple: 227 daAuts
